 Dungeon Crawl Stone Soup version 0.31.0-32-g396128a36d (webtiles) character file.

Game seed: 12826355429425760253

28 imdaedric the Sneak (level 2, -2/15 HPs)
             Began as a Spriggan Brigand on Apr 24, 2024.
             Slain by a ribbon worm (3 damage)
             ... on level 2 of the Dungeon.
             The game lasted 00:02:48 (1146 turns).

imdaedric the Sneak (Spriggan Brigand)              Turns: 1146, Time: 00:02:48

Health: -2/15      AC:  4    Str:  7    XL:     2   Next: 96%
Magic:  3/3        EV: 17    Int: 12    God:
Gold:   88         SH:  0    Dex: 16    Spells: 1/1 levels left

rFire   . . .        a - +2 dagger
rCold   . . .        (no shield)
rNeg    . . .        b - +0 robe
rPois   .            (helmet restricted)
rElec   .            c - +1 cloak
rCorr   .            (gloves unavailable)
SInv    +            (boots unavailable)
Will    .....        (no amulet)
Stlth   +++          (no ring)
HPRegen 0.22/turn    (no ring)
MPRegen 0.08/turn

%: no passive effects
@: very quick
A: very small, no large weapons, unfitting armour, see invisible, speed 3
a: no special abilities


You were on level 2 of the Dungeon.
You visited 1 branch of the dungeon, and saw 2 of its levels.

You collected 88 gold pieces.

Inventory:

Hand Weapons
 a - a +2 dagger (weapon)
Missiles
 d - 9 poisoned darts (quivered)
 e - 3 curare-tipped darts
Armour
 b - a +0 robe (worn)
 c - a +1 cloak (worn)
Jewellery
 i - a +6 ring of strength
Scrolls
 f - a scroll of amnesia
 j - a scroll of teleportation
Potions
 g - a potion of experience
 h - a potion of haste {unknown}


   Skills:
 + Level 2.0 Fighting
 + Level 2.6 Short Blades
 + Level 2.1 Throwing
 + Level 2.2 Dodging
 + Level 6.2 Stealth


You had one spell level left.
You didn't know any spells.
Your spell library contained the following spells:

 Spells                   Type           Power      Damage    Failure   Level
 Kiss of Death            Conj/Necr      0%         2d5       32%         1
 Sandblast                Erth           0%         2d4       32%         1
 Confusing Touch          Hex            0%         N/A       69%         3
 Passwall                 Erth           0%         N/A       69%         3
 Stone Arrow              Conj/Erth      0%         3d7       69%         3
 Brom's Barrelling Bould  Conj/Erth      0%         2d3       97%         4
 Dispel Undead            Necr           0%         3d6       97%         4


Dungeon Overview and Level Annotations

Branches:
Dungeon (2/15)

Altars:


Innate Abilities, Weirdness & Mutations

You are very small and have problems with some larger weapons.
You are too small for most types of armour.
You have supernaturally acute eyesight. (SInv)
You cover ground extremely quickly. (Speed+++)


Message History

You kill the kobold!
The ribbon worm expels a string of sticky webbing.
The stream of webbing hits you but does no damage.
You are caught in a web!
Your Fighting skill increases to level 2!
The web tears apart.
The ribbon worm barely misses you.
You barely miss the ribbon worm.
The ribbon worm is moderately wounded.
The ribbon worm expels a string of sticky webbing.
The stream of webbing hits you but does no damage.
You are caught in a web!
The web tears apart.
You hit the ribbon worm.
The ribbon worm is heavily wounded.
The ribbon worm bites you but does no damage.
You hit the ribbon worm but do no damage.
The ribbon worm is moderately wounded.
The ribbon worm misses you.
You hit the ribbon worm.
The ribbon worm is heavily wounded.
The ribbon worm expels a string of sticky webbing.
The stream of webbing hits you but does no damage.
You are caught in a web!
You struggle to detach yourself from the web.
You struggle to detach yourself from the web.
The ribbon worm bites you.
The web tears apart.
The ribbon worm completely misses you.
You hit the ribbon worm.
The ribbon worm is heavily wounded.
The ribbon worm closely misses you.
You hit the ribbon worm.
The ribbon worm is severely wounded.
You hit the ribbon worm.
The ribbon worm is severely wounded.
The ribbon worm bites you!
* * * LOW HITPOINT WARNING * * *
You hit the ribbon worm.
The ribbon worm is almost dead.
The ribbon worm bites you.
You die...

.....#.###. .##### ..
#......... ....? ..#
.#...###### ....
#.##.#†........ ....
#.##.#.###..### ...
#.##.#.# #..#
..####.###.##.#.###.<#
#.....)w...#....#....#
#.....@......###.#.##
###.......#..†.#.#.#
####...†#....#.#.#
####.#....#.#.#
#..†#....#.#..
#.....#....#.######
#......#.#..#.#.....
#..###[#.#..#.#.####
#... #.#......#.#


You could see a ribbon worm.

Vanquished Creatures
  2 ball pythons (D:1)
  A bat (D:2)
  2 giant cockroaches
  2 goblins
  A hobgoblin (D:2)
  2 jackals (D:2)
  4 quokkas
  3 frilled lizards
  3 kobolds
  6 rats (D:1)
26 creatures vanquished.

Notes
Turn   | Place    | Note
-------+----------+-------------------------------------------
     0 | D:1      | imdaedric the Spriggan Brigand began the quest for the Orb.
     0 | D:1      | Reached XP level 1. HP: 10/10 MP: 2/2
   106 | D:1      | Reached skill level 6 in Stealth
   263 | D:1      | Reached XP level 2. HP: 15/15 MP: 3/3
   281 | D:1      | Found a faded altar of an unknown god.
  1146 | D:2      | Slain by a ribbon worm

Illustrated notes

Levels and vault maps discovered:
D:1:      psy_arrival_radial01, layout_loops_corners,
          hellmonk_ecumenical_altar_crossroads, reono_crystal_passage,
          serial_park_tiny_2
D:2:      minmay_recursive_quarters, layout_basic, basic_altar,
          grunt_ministairs_10

Skill      XL: |  1  2 |
---------------+-------+-----
Stealth        | 6 |  6.2
Dodging        | 2 |  2.2
Fighting       | 2 |  2.0
Short Blades   | |  2.6
Throwing       | |  2.1

Action                     || total
---------------------------++-------
  Melee: Dagger            ||    77
  Throw: Dart              ||     1
    Use: Scroll            ||     5
   Stab: Sleeping          ||    11
 Armour: Robe              ||    19
  Dodge: Dodged            ||    46
